 Dungeon Crawl Stone Soup version 0.20.0-10-g0535bb4 (webtiles) character file.

17 Gorglomux the Vexing (level 2, 0/23 HPs)
             Began as a Formicid Arcane Marksman on June 4, 2017.
             Slain by a hobgoblin
             ... wielding a +0 club
              (1 damage)
             ... on level 1 of the Dungeon.
             The game lasted 00:01:07 (1095 turns).

Gorglomux the Vexing (Formicid Arcane Marksman)     Turns: 1095, Time: 00:01:07

Health: 0/23       AC:  2    Str: 14    XL:     2   Next: 80%
Magic:  3/3        EV: 12    Int: 12    God:
Gold:   0          SH:  0    Dex: 11    Spells: 2/3 levels left

rFire    . . .     SeeInvis +   Y - +0 short sword
rCold    . . .     Gourm    .   (no shield)
rNeg     . . .     Faith    .   a - +0 robe
rPois    .         Spirit   .   (helmet unavailable)
rElec    .         Reflect  .   (no cloak)
rCorr    .         Harm     .   (no gloves)
MR       .....                  (no boots)
Stlth    +.........             (no amulet)
Regen    0.1/turn               (no ring)
MPRegen  0.1/turn               (no ring)

@: no status effects
A: permanent stasis, dig shafts and tunnels, four strong arms, antennae 3
a: Dig, Shaft Self


You were on level 1 of the Dungeon.
You were very hungry.

You visited 1 branch of the dungeon, and saw 2 of its levels.

Inventory:

Hand Weapons
 Y - a +0 short sword (weapon)
Missiles
 c - 5 javelins (quivered)
 Z - 2 throwing nets
Armour
 a - a +0 robe (worn)
Books
 b - a book of Debilitation

   Spells                             Type                      Level
   a - Corona                         Hexes                        1
   b - Slow                           Hexes                        2
   c - Inner Flame                    Hexes/Fire                   3
   d - Portal Projectile              Hexes/Translocation          3
   e - Cause Fear                     Hexes                        4
   f - Leda's Liquefaction            Hexes/Earth                  4
Comestibles
 f - a bread ration


   Skills:
 + Level 2.8 Fighting
 - Level 2.0 Throwing
 - Level 1.7 Dodging
 - Level 1.1 Spellcasting
 - Level 3.6 Hexes


You had 2 spell levels left.
You knew the following spells:

 Your Spells              Type           Power        Failure   Level  Hunger
a - Corona                Hex            #......      7%          1    ##.....


Dungeon Overview and Level Annotations

Branches:
Dungeon (2/15)

Altars:


Innate Abilities, Weirdness & Mutations

You cannot be hasted, slowed, berserked, paralysed or teleported.
You can dig through walls and to a lower floor.
Your four strong arms can wield two-handed weapons with a shield.
You have a pair of large antennae on your head. (SInv)


Message History

The jackal completely misses you. The jackal barely misses you.
You barely miss the jackal.
The jackal is almost dead.
The jackal misses you.
You hit the jackal but do no damage.
The jackal is almost dead.
The jackal barely misses you. The jackal bites you.
* * * LOW HITPOINT WARNING * * *
You hit the jackal.
You kill the jackal!
You hit the hobgoblin but do no damage. The hobgoblin hits you with a club.
* * * LOW HITPOINT WARNING * * *
You hit the hobgoblin but do no damage. The hobgoblin hits you with a club.
* * * LOW HITPOINT WARNING * * *
You hit the hobgoblin but do no damage. The hobgoblin misses you.
You barely miss the hobgoblin.
The hobgoblin hits you but does no damage.
You hit the hobgoblin but do no damage. The hobgoblin closely misses you.
You hit the hobgoblin but do no damage. The hobgoblin hits you with a club.
You die...

{
#................
#..............#
#......(.......#
#.....h........#
###########.######
#.###...{....>..#
#........###{####
#####)##.# ##g#
#.##.# #@## #.##.#
### #..#.# ##.#.#
#.#.# #.#.#
#.#.#########
#............
###.#############


You could see a hobgoblin.

Vanquished Creatures
  A leopard gecko (D:1)
  3 goblins (D:1)
  3 hobgoblins
  2 jackals
  A kobold (D:1)
  2 bats (D:1)
  A frilled lizard (D:1)
13 creatures vanquished.

Notes
Turn   | Place    | Note
-------+----------+-------------------------------------------
     0 | D:1      | Gorglomux the Formicid Arcane Marksman began the quest for the Orb.
     0 | D:1      | Reached XP level 1. HP: 15/15 MP: 2/2
   359 | D:1      | Reached XP level 2. HP: 18/22 MP: 1/3
   742 | D:1      | HP: 1/23 [kobold/short sword (1)]
  1091 | D:1      | HP: 1/23 [hobgoblin/club (1)]
  1095 | D:1      | Slain by a hobgoblin

Skill      XL: |  1 |
---------------+----+-----
Fighting       | 2 |  2.8
Throwing       | |  2.0
Dodging        | |  1.7
Spellcasting   | |  1.1
Hexes          | |  3.6

Action                   || total
-------------------------++-------
Melee: Unarmed           ||    26
       Short sword       ||    68
Throw: Javelin           ||     1
 Cast: Corona            ||     7
 Abil: Dig               ||     4
  Use: Potion            ||     1
Armor: Robe              ||    12
       Skin              ||    16
Dodge: Dodged            ||    71
